 Dungeon Crawl Stone Soup version 0.21.1-1-g345015f (webtiles) character file.

63 inc the Chiller (level 3, 0/14 HPs)
             Began as a Felid Ice Elementalist on Feb 21, 2018.
             Slain by a centaur zombie (8 damage)
             ... on level 2 of the Dungeon.
             The game lasted 00:02:47 (1533 turns).

inc the Chiller (Felid Ice Elementalist)            Turns: 1533, Time: 00:02:48

Health: 0/14       AC:  1    Str:  4    XL:     3   Next: 89%
Magic:  7/7        EV: 18    Int: 17    God:
Gold:   76         SH:  0    Dex: 16    Spells: 5/6 levels left
                                        Lives:  0   Deaths: 0

rFire    . . .     SeeInvis +   (weapon unavailable)
rCold    . . .     Gourm    .   (shield unavailable)
rNeg     . . .     Faith    .   (armour unavailable)
rPois    .         Spirit   .   (helmet unavailable)
rElec    .         Reflect  .   (cloak unavailable)
rCorr    .         Harm     .   (gloves unavailable)
MR       .....                  (boots unavailable)
Stlth    +++.......             (no amulet)
HPRegen  0.04/turn              (no ring)
MPRegen  0.10/turn              (no ring)

@: quick
A: very small, no armour, no weapons or thrown items, stealth, claws 1, fangs 3,
see invisible, carnivore, speed 1, shaggy fur 1, slow metabolism 1, sharp paws
a: no special abilities


You were on level 2 of the Dungeon.
You were not hungry.

You visited 1 branch of the dungeon, and saw 2 of its levels.

You collected 76 gold pieces.

Inventory:

Jewellery
 f - an uncursed ring of ice {unknown}
Scrolls
 d - a scroll of magic mapping {unknown}
 e - a scroll of remove curse {unknown}
 g - a scroll of fog {unknown}
Potions
 c - a potion of degeneration {unknown}
Books
 a - a book of Frost

   Spells                             Type                      Level
   a - Freeze                         Ice                          1
   b - Throw Frost                    Conjuration/Ice              2
   c - Ozocubu's Armour               Charms/Ice                   3
   d - Throw Icicle                   Conjuration/Ice              4
   e - Summon Ice Beast               Ice/Summoning                4
Comestibles
 b - a ration


   Skills:
 - Level 2.6 Dodging
 - Level 2.6 Stealth
 - Level 2.0 Spellcasting
   Level 0.8 Conjurations
 + Level 4.4 Ice Magic


You had 5 spell levels left.
You knew the following spells:

 Your Spells              Type           Power        Failure   Level  Hunger
a - Freeze                Ice            ###.         3%          1    #......


Dungeon Overview and Level Annotations

Branches:
Dungeon (2/15)

Altars:


Innate Abilities, Weirdness & Mutations

You cannot wear armour.
You are incapable of wielding weapons or throwing items.
Your paws allow you to move quietly. (Stealth)
You have sharp claws.
You have razor-sharp teeth.
You have supernaturally acute eyesight. (SInv)
You are carnivorous and can eat meat at any time.
You cover ground quickly.
You are covered in fur. (AC +1)
You have a slow metabolism.
Your sharp claws are effective at attacking unaware monsters.


Message History

The centaur zombie is moderately damaged.
The centaur zombie completely misses you.
You scratch the centaur zombie but do no damage.
The centaur zombie is moderately damaged.
The centaur zombie closely misses you.
You scratch the centaur zombie but do no damage.
The centaur zombie is moderately damaged.
The centaur zombie closely misses you.
The centaur zombie completely misses you.
You scratch the centaur zombie.
The centaur zombie is moderately damaged.
The centaur zombie misses you.
You barely miss the centaur zombie.
The centaur zombie is moderately damaged.
The centaur zombie hits you.
You completely miss the centaur zombie.
The centaur zombie is moderately damaged.
The centaur zombie hits you!
Ouch! That really hurt!
You die...

####.#.#..
..#.#.#.#########
#.#.#.#.##......#
#.#.#.#.##......###..
##.#.#....'..........
.......#.##......###
##.#.#.#.##......+
#.#.#.#.##.....Z#
..#.#.#.##.....@#
####.#.#.##......#
..#.#.##......#
....#.##.)....# .....
+....... #......#.
#.######. #. # #


You could see a centaur zombie.

Vanquished Creatures
  Jessica (D:2)
  An adder (D:2)
  An ooze (D:1)
  An adder skeleton (D:2)
  A leopard gecko (D:2)
  2 giant cockroaches (D:2)
  2 hobgoblins
  4 bats
  4 frilled lizards
  3 goblins
  2 kobolds (D:1)
  2 rats (D:2)
24 creatures vanquished.

Vanquished Creatures (others)
  7 toadstools (D:1)
7 creatures vanquished.

Grand Total: 31 creatures vanquished

Notes
Turn   | Place    | Note
-------+----------+-------------------------------------------
     0 | D:1      | inc the Felid Ice Elementalist began the quest for the Orb.
     0 | D:1      | Reached XP level 1. HP: 7/7 MP: 4/4
   121 | D:1      | Reached skill level 3 in Ice Magic
   837 | D:1      | Reached XP level 2. HP: 11/11 MP: 3/6
  1091 | D:2      | Noticed Jessica
  1099 | D:2      | Killed Jessica
  1099 | D:2      | Reached skill level 4 in Ice Magic
  1099 | D:2      | Reached XP level 3. HP: 14/14 MP: 5/7
  1533 | D:2      | Slain by a centaur zombie

Skill      XL: |  1  2 |
---------------+-------+-----
Ice Magic      | 3 4 |  4.4
Dodging        | |  2.6
Stealth        | |  2.6
Spellcasting   | |  2.0
Conjurations   | |  0.8

Action                   || total
-------------------------++-------
Melee: Unarmed           ||    40
       Bite              ||     5
 Cast: Freeze            ||    28
 Stab: Sleeping          ||     6
  Eat: Chunk             ||     2
Armor: Skin              ||     4
Dodge: Dodged            ||    46
